cohdb
Replays
Latest Replays
All Replays
Popular Replays
Top Player Replays
Match Explorer
How It Works
Community
CoH3 Stats
Reddit
Sign in to upload your games and track your stats! →
Sign in with Steam
Match 45204765
Unlisted
Match 45204765
Overview
Messages
Build Orders
End
250 Light Carrier
Selects Armored Support Battlegroup
Panzergrenadier Squad
Construct Light Support Kompanie
Construct Light Support Kompanie
Combat Half-tracks
Panzergrenadier Squad
Construct Mechanized Kompanie
Support Armor Elements
StuG III D Assault Gun
Selects Salvage Kits
Selects Veteran Gunners
Pak 38 Anti-tank Gun Team
Veteran Squad Leaders
Construct Panzerarmee Kommand
Vehicle Survival Package
Selects Panzer Storm
XBoundTTV
Beta
mayomeyo
윤석열
HackerBlack_Sunday
감귤
0
0
Comments
sign in to comment!
No comments posted yet!